 Dungeon Crawl Stone Soup version 0.28.0-53-g5a82cb258f (webtiles) character file.

Game seed: 2060769976569877384

164 Gabide the Ducker (level 5, -7/47 HPs)
             Began as a Gnoll Monk on May 30, 2022.
             Mangled by an ogre
             ... wielding a +0 giant spiked club
              (27 damage)
             ... on level 3 of the Dungeon.
             The game lasted 00:03:36 (2833 turns).

Gabide the Ducker (Gnoll Monk)                      Turns: 2833, Time: 00:03:36

Health: -7/47      AC:  5    Str: 10    XL:     5   Next: 45%
Magic:  7/7        EV: 15    Int: 10    God:
Gold:   147        SH:  0    Dex: 16    Spells: 7/7 levels left

rFire   . . .      SeeInvis .   a - +0 falchion
rCold   . . .      Faith    .   (no shield)
rNeg    . . .      Spirit   .   b - +0 robe
rPois   .          Reflect  .   (no helmet)
rElec   .          Harm     .   i - +1 cloak
rCorr   .          Rampage  .   (no gloves)
Will    .....                   d - +0 pair of boots
Stlth   +++.......              (no amulet)
HPRegen 0.15/turn               (no ring)
MPRegen 0.10/turn               (no ring)

@: no status effects
A: fangs 1, strong nose, distributed training
a: no special abilities


You were on level 3 of the Dungeon.
You visited 1 branch of the dungeon, and saw 4 of its levels.

You collected 147 gold pieces.

Inventory:

Hand Weapons
 a - a +0 falchion (weapon)
 m - a +2 antimagic dagger
Armour
 b - a +0 robe (worn)
 d - a +0 pair of boots (worn)
 i - a +1 cloak (worn)
Scrolls
 e - 2 scrolls of teleportation
 k - a scroll of noise {unknown}
 n - a scroll of immolation {unknown}
 p - a scroll of silence {unknown}
Potions
 c - 2 potions of lignification
 f - a potion of flight
 h - a potion of magic {unknown}
 j - a potion of mutation
 l - a potion of curing {unknown}
 o - a potion of berserk rage {unknown}


   Skills:
 + Level 6.7 Fighting
 + Level 1.5 Short Blades
 + Level 6.7 Long Blades
 + Level 1.5 Axes
 + Level 1.5 Maces & Flails
 + Level 1.5 Polearms
 + Level 1.5 Staves
 + Level 1.5 Slings
 + Level 1.5 Bows
 + Level 1.5 Crossbows
 + Level 1.5 Throwing
 + Level 1.5 Armour
 + Level 6.7 Dodging
 + Level 4.4 Stealth
 + Level 1.5 Shields
 + Level 1.5 Unarmed Combat
 + Level 1.5 Spellcasting
 + Level 1.2 Conjurations
 + Level 1.2 Hexes
 + Level 1.2 Summonings
 + Level 1.2 Necromancy
 + Level 1.2 Translocations
 + Level 1.2 Transmutations
 + Level 1.2 Fire Magic
 + Level 1.2 Ice Magic
 + Level 1.2 Air Magic
 + Level 1.2 Earth Magic
 + Level 1.2 Poison Magic
 + Level 1.7 Invocations
 + Level 1.5 Evocations


You had 7 spell levels left.
You didn't know any spells.
Your spell library was empty.

Dungeon Overview and Level Annotations

Branches:
Dungeon (4/15)
 Temple: D:4-7

Altars:
Yredelemnul
The Shining One


Innate Abilities, Weirdness & Mutations

You have very sharp teeth.
Your uncanny sense of smell can sniff out nearby items.
Your experience applies equally to all skills.


Message History

You throw an atropa-tipped dart. The atropa-tipped dart hits the ogre.
The ogre appears confused.
You hit the ogre but do no damage.
The ogre seems less confused.
The ogre barely misses you.
You completely miss the ogre. You hit the ogre.
The ogre is lightly wounded.
The ogre completely misses you.
You climb upwards.
There is a stone staircase leading down here.
You start resting.
HP restored.
You climb downwards.
The ogre hits you with a +0 giant spiked club!!
Ouch! That really hurt!
There is a stone staircase leading up, spattered with blood here.
The ogre misses you.
You climb upwards.
There is a stone staircase leading down here.
Okay, then.
Throw: 2 darts (atropa)
Press: ? - help, Q - select action Shift-Dir - straight line, f - ogre
Aim: an ogre, wielding a +0 giant spiked club (77% to hit, chance to blind on hit: 63%)
You throw an atropa-tipped dart. The atropa-tipped dart hits the ogre.
The ogre resists.
Throw: dart (atropa)
Press: ? - help, Q - select action Shift-Dir - straight line, f/p - ogre
Aim: an ogre, wielding a +0 giant spiked club (77% to hit, chance to blind on hit: 58%)
You throw an atropa-tipped dart. The atropa-tipped dart hits the ogre.
The ogre appears confused.
You hit the ogre.
The ogre is lightly wounded.
The ogre seems less confused.
The ogre completely misses you.
You hit the ogre.
The ogre is lightly wounded.
You barely miss the ogre.
The ogre is lightly wounded.
The ogre hits you with a +0 giant spiked club!!
Ouch! That really hurt!
You die...

#.............#.###########
#...8♣♣♣♣♣8...#...........#
#...♣♣ ♣♣...#######.....# ##
#...♣ ♣...### #.....#####. #...♣
♣...#.# #........... #...♣
♣...#.#####.....#..### #...♣♣
♣♣...#.##..............
#...8♣♣♣♣♣8...#.##.........#.###
#............)#@##......^..#.##
#.............#O##............##
#.............#.##............>.
###############.##..............
#....#######.......#.
##.....#######........
#.....................
#.....#######.#.#..(..
#......≈≈8≈≈..#.#...#.


You could see an ogre (blind).

Vanquished Creatures
  A hound (D:4)
  Jessica (D:2)
  An orc wizard (D:3)
  2 adders
  2 dart slugs
  3 orcs (D:3)
  4 ball pythons
  9 endoplasms
  2 giant cockroaches
  5 hobgoblins
  3 jackals (D:1)
  3 kobolds
  9 bats
  7 frilled lizards
  4 goblins
  4 rats
60 creatures vanquished.

Notes
Turn   | Place    | Note
-------+----------+-------------------------------------------
     0 | D:1      | Gabide the Gnoll Monk began the quest for the Orb.
     0 | D:1      | Reached XP level 1. HP: 23/23 MP: 1/1
   208 | D:1      | Reached XP level 2. HP: 23/29 MP: 2/2
   810 | D:1      | Reached XP level 3. HP: 35/35 MP: 3/3
   925 | D:2      | Found a basalt altar of Yredelemnul.
   939 | D:2      | Reached skill level 1 in Invocations
   989 | D:2      | Noticed Jessica
  1002 | D:2      | Killed Jessica
  1003 | D:2      | Reached skill level 1 in Short Blades
  1003 | D:2      | Reached skill level 1 in Axes
  1003 | D:2      | Reached skill level 1 in Maces & Flails
  1003 | D:2      | Reached skill level 1 in Polearms
  1003 | D:2      | Reached skill level 1 in Staves
  1003 | D:2      | Reached skill level 1 in Slings
  1003 | D:2      | Reached skill level 1 in Bows
  1003 | D:2      | Reached skill level 1 in Crossbows
  1003 | D:2      | Reached skill level 1 in Throwing
  1003 | D:2      | Reached skill level 1 in Armour
  1003 | D:2      | Reached skill level 1 in Shields
  1003 | D:2      | Reached skill level 1 in Unarmed Combat
  1003 | D:2      | Reached skill level 1 in Spellcasting
  1003 | D:2      | Reached skill level 1 in Evocations
  1003 | D:2      | Reached XP level 4. HP: 19/41 MP: 5/5
  1661 | D:3      | Found a glowing golden altar of the Shining One.
  1754 | D:3      | Reached skill level 1 in Conjurations
  1754 | D:3      | Reached skill level 1 in Hexes
  1754 | D:3      | Reached skill level 1 in Summonings
  1754 | D:3      | Reached skill level 1 in Necromancy
  1754 | D:3      | Reached skill level 1 in Translocations
  1754 | D:3      | Reached skill level 1 in Transmutations
  1754 | D:3      | Reached skill level 1 in Fire Magic
  1754 | D:3      | Reached skill level 1 in Ice Magic
  1754 | D:3      | Reached skill level 1 in Air Magic
  1754 | D:3      | Reached skill level 1 in Earth Magic
  1754 | D:3      | Reached skill level 1 in Poison Magic
  1860 | D:3      | Reached XP level 5. HP: 36/47 MP: 6/6
  2420 | D:4      | Noticed an ogre
  2833 | D:3      | Mangled by an ogre

Illustrated notes

Levels and vault maps discovered:
D:1:      heliophobic_arrival_battle_scene, layout_loops_ring,
          chequers_serial_rivers_small_a
D:2:      layout_basic, basic_altar, minmay_hexomino_f4, uniq_jessica
D:3:      layout_rooms, lemuel_tele_altar, moated_statue, kennysheep_path_1
D:4:      layout_basic, minmay_temple_entry_mist

Skill      XL: |  1  2  3  4 |
---------------+-------------+-----
Invocations    | 1 |  1.7
Short Blades   | 1 |  1.5
Axes           | 1 |  1.5
Maces & Flails | 1 |  1.5
Polearms       | 1 |  1.5
Staves         | 1 |  1.5
Slings         | 1 |  1.5
Bows           | 1 |  1.5
Crossbows      | 1 |  1.5
Throwing       | 1 |  1.5
Armour         | 1 |  1.5
Shields        | 1 |  1.5
Unarmed Combat | 1 |  1.5
Spellcasting   | 1 |  1.5
Evocations     | 1 |  1.5
Conjurations   | 1 |  1.2
Hexes          | 1 |  1.2
Summonings     | 1 |  1.2
Necromancy     | 1 |  1.2
Translocations | 1 |  1.2
Transmutations | 1 |  1.2
Fire Magic     | 1 |  1.2
Ice Magic      | 1 |  1.2
Air Magic      | 1 |  1.2
Earth Magic    | 1 |  1.2
Poison Magic   | 1 |  1.2
Fighting       | |  6.7
Long Blades    | |  6.7
Dodging        | |  6.7
Stealth        | |  4.4

Action                   |  1- 3 |  4- 6 || total
-------------------------+-------+-------++-------
Melee: Falchion          |    87 |   106 ||   193
       Bite              |     7 |     8 ||    15
       Punch             |     3 |       ||     3
Throw: Dart              |       |     6 ||     6
  Use: Scroll            |       |     4 ||     4
 Stab: Sleeping          |     4 |     7 ||    11
Armor: Robe              |    22 |    24 ||    46
Dodge: Dodged            |    68 |    55 ||   123
